Mulligans vs Gangsters
Created - February 28, 2021 at 19:29
Goals
|
Mulligans |
0 |
1 |
0 |
1 |
2 |
Gangsters |
0 |
1 |
0 |
0 |
1 |
|
Shots
|
Mulligans |
15 |
6 |
11 |
4 |
36 |
Gangsters |
11 |
9 |
10 |
3 |
33 |
|
1st period
No Goal
Penalties :
Joonas Donskoi (Rep) for Tripping (Minor) at 3:04, Reid Boucher (Rep) for High sticking (Minor) at 15:23, Logan Shaw (Rep) for High sticking (Minor) at 19:13
2nd period
1. Mulligans , Joonas Donskoi 20 (Brandon Carlo 15, Robby Fabbri 18) at 1:58
2. Gangsters , Dave Dziurzynski 33 (Stefan Noesen 28, Morgan Ellis 11) at 11:31
Penalties :
Morgan Ellis (Bro) for Tripping (Minor) at 3:44, Connor Chatam (Bro) for Tripping (Minor) at 9:13, Jonny Brodzinski (Rep) for Tripping (Minor) at 12:00, Steven Santini (Bro) for Hooking (Minor) at 17:10
3rd period
No Goal
Penalties :
Steven Santini (Bro) for Roughing (Minor) at 12:25, Morgan Ellis (Bro) for Hooking (Minor) at 18:21
Overtime #1
3. Mulligans , Jonny Brodzinski 9 (Ben Hutton 31, Valeri Nichushkin 13) at 1:53
Penalties :
No Penalty
Goalie Stats
Calvin Pickard (Rep), 32 saves from 33 shots - (0.970), W, 16-22-2, 61:53 minutes
Jordan Binnington (Bro), 34 saves from 36 shots - (0.944), OTL, 10-13-2, 61:53 minutes
Players Stats for Mulligans
Player Name G A P +/- PIM S H SB GA TA FO MP PP MP PK MP
------------------------------------------------------------------------------------
Alexander Dergachyov 0 0 0 0 0 0 0 0 0 0 2/4 9:02 0:00 0:53
Ben Hutton 0 1 1 2 0 3 1 4 2 0 0/0 27:15 4:57 4:58
Brandon Carlo 0 1 1 2 0 4 1 1 0 3 0/0 27:15 4:57 4:58
Brett Seney 0 0 0 0 0 4 1 0 1 0 1/1 13:28 0:00 1:57
Christian Wolanin 0 0 0 -1 0 0 0 0 0 0 0/0 13:07 0:00 0:00
Conor Garland 0 0 0 0 0 3 1 1 1 1 0/0 8:07 0:00 0:00
Cristiano Digiacinto 0 0 0 0 0 1 1 1 0 0 0/1 8:07 0:00 0:00
Darren Dietz 0 0 0 0 0 0 4 3 0 0 0/0 21:31 4:37 2:58
Ilya Lyubushkin 0 0 0 0 0 1 2 1 0 1 0/0 21:31 4:37 2:58
Jonny Brodzinski 1 0 1 1 2 1 0 0 2 1 4/6 11:54 0:06 0:00
Joonas Donskoi 1 0 1 0 2 4 0 0 0 1 0/0 17:24 4:42 1:29
Logan Shaw 0 0 0 0 2 5 1 1 1 0 11/13 21:47 4:46 3:25
Maxime Macenauer 0 0 0 0 0 0 4 0 1 1 10/23 22:46 4:49 4:51
Reid Boucher 0 0 0 0 2 0 1 0 0 0 0/0 15:51 4:42 0:19
Robbie Russo 0 0 0 -1 0 4 0 2 0 2 0/0 13:07 0:00 0:00
Robby Fabbri 0 1 1 0 0 1 1 1 0 0 1/6 15:39 4:42 0:00
Sven Baertschi 0 0 0 0 0 4 2 0 1 0 2/6 20:01 4:46 2:58
Valeri Nichushkin 0 1 1 1 0 1 1 0 0 0 1/1 11:40 0:09 0:00
Players Stats for Gangsters
Player Name G A P +/- PIM S H SB GA TA FO MP PP MP PK MP
------------------------------------------------------------------------------------
Adam Lowry 0 0 0 0 0 0 1 0 0 0 3/4 7:28 0:00 0:00
Artem Anisimov 0 0 0 0 0 3 1 1 1 1 15/29 23:58 4:28 4:53
Brett Ponich 0 0 0 -1 0 2 1 2 0 1 0/0 29:20 5:00 5:48
Colton White 0 0 0 0 0 0 0 0 0 0 0/0 0:00 0:00 0:00
Connor Chatam 0 0 0 1 2 1 1 1 0 0 1/1 7:46 0:00 0:00
Dave Dziurzynski 1 0 1 1 0 5 7 0 2 0 1/2 21:14 4:28 2:45
David Pope 0 0 0 0 0 4 0 0 0 0 0/0 12:12 2:56 0:00
Derrick Pouliot 0 0 0 0 0 1 0 0 0 0 0/0 17:12 0:00 4:05
Dryden Hunt 0 0 0 0 0 0 0 0 0 0 0/0 2:34 0:00 1:56
Jake Marchment 0 0 0 0 0 0 0 0 0 0 0/0 0:00 0:00 0:00
Joel Kiviranta 0 0 0 0 0 0 0 0 0 0 0/0 0:00 0:00 0:00
Jonas Brodin 0 0 0 0 0 1 1 0 2 2 0/0 22:09 2:56 4:05
Joshua Jacobs 0 0 0 0 0 0 0 0 0 0 0/0 0:00 0:00 0:00
Kevin Roy 0 0 0 0 0 1 3 0 0 0 2/2 10:59 0:00 1:41
Morgan Ellis 0 1 1 -1 4 1 0 4 1 1 0/0 27:01 5:00 3:30
Phillip Danault 0 0 0 -1 0 1 0 0 0 0 1/2 9:17 0:00 0:00
Richard Panik 0 0 0 0 0 7 1 2 1 0 3/9 24:24 4:28 5:14
Ryan Culkin 0 0 0 0 0 0 0 0 0 0 0/0 0:00 0:00 0:00
Samuel Blais 0 0 0 -1 0 2 2 0 0 0 1/3 15:22 3:28 0:00
Sebastian Collberg 0 0 0 -1 0 0 0 0 0 0 0/0 9:07 0:00 0:00
Seth Griffith 0 0 0 -1 0 1 1 0 1 1 1/8 15:18 3:28 0:15
Stefan Noesen 0 1 1 0 0 2 0 0 0 2 1/1 18:27 3:28 2:45
Steven Santini 0 0 0 0 4 1 1 2 1 1 0/0 12:34 0:00 1:34
Vince Dunn 0 0 0 0 0 0 1 1 1 0 0/0 11:10 0:00 0:48
Will Borgen 0 0 0 0 0 0 0 0 0 0 0/0 0:00 0:00 0:00
3 Stars
1 - Calvin Pickard (Rep)
2 - Dave Dziurzynski (Bro)
3 - Jordan Binnington (Bro)
Power Play
Mulligans - 0 on 5 Attempt(s) - 0.00%
Gangsters - 0 on 4 Attempt(s) - 0.00%
Penalty Kill
Mulligans - 4 on 4 Attempt(s) - 100.00%
- Score 0 goal in Penalty Kill
Gangsters - 5 on 5 Attempt(s) - 100.00%
- Score 0 goal in Penalty Kill
Team Stat
Mulligans - Hits : 21 - Faceoff Wins : 32 - Blocked Shots : 15 - Penalty Minutes : 8
Gangsters - Hits : 21 - Faceoff Wins : 29 - Blocked Shots : 13 - Penalty Minutes : 10
Official
Referees : Unknown
Linesman : Unknown
Game Notes
No Game Note
Finance
Level 1 -- Attendance: 1255 (62.75%) -- Ticket Income $50,200
Level 2 -- Attendance: 670 (67.00%) -- Ticket Income $13,400
Total Attendance: 1925 (64.17%)
Total Ticket Income: $63,600
Other Income: $3,180
Total Income: $66,780
Mulligans
5 vs 5 Forward
Center Left Wing Right Wing Time % Phy DF OF
1 Maxime Macenauer Sven Baertschi Logan Shaw 40 1 2 2
2 Robby Fabbri Reid Boucher Joonas Donskoi 30 1 2 2
3 Jonny Brodzinski Brett Seney Valeri Nichushkin 20 1 2 2
4 Alexander Dergachyov Cristiano Digiacinto Conor Garland 10 1 2 2
5 vs 5 Defense
Defense Defense Time % Phy DF OF
1 Ben Hutton Brandon Carlo 40 1 2 2
2 Darren Dietz Ilya Lyubushkin 30 1 2 2
3 Robbie Russo Christian Wolanin 20 1 2 2
4 Ben Hutton Brandon Carlo 10 1 2 2
PowerPlay Forward
Center Left Wing Right Wing Time % Phy DF OF
1 Maxime Macenauer Sven Baertschi Logan Shaw 60 1 2 2
2 Robby Fabbri Reid Boucher Joonas Donskoi 40 1 2 2
PowerPlay Defense
Defense Defense Time % Phy DF OF
1 Ben Hutton Brandon Carlo 60 1 2 2
2 Darren Dietz Ilya Lyubushkin 40 1 2 2
Penalty Kill 4 Players Forward
Center Wing Time % Phy DF OF
1 Logan Shaw Maxime Macenauer 60 1 2 2
2 Sven Baertschi Joonas Donskoi 40 1 2 2
Penalty Kill 4 Players Defense
Defense Defense Time % Phy DF OF
1 Ben Hutton Brandon Carlo 60 1 2 2
2 Darren Dietz Ilya Lyubushkin 40 1 2 2
Penalty Kill - 3 Players Forward
Forward Time % Phy DF OF
1 Logan Shaw 60 1 2 2
2 Maxime Macenauer 40 1 2 2
Penalty Kill - 3 Players Defense
Defense Defense Time % Phy DF OF
1 Ben Hutton Brandon Carlo 60 1 2 2
2 Darren Dietz Ilya Lyubushkin 40 1 2 2
4 vs 4 Forward
Center Wing Time % Phy DF OF
1 Logan Shaw Maxime Macenauer 60 1 2 2
2 Sven Baertschi Joonas Donskoi 40 1 2 2
4 vs 4 Defense
Defense Defense Time % Phy DF OF
1 Ben Hutton Brandon Carlo 60 1 2 2
2 Darren Dietz Ilya Lyubushkin 40 1 2 2
Last Minutes Offensive
Center Left Wing Right Wing Defense Defense
Maxime Macenauer Sven Baertschi Logan Shaw Ben Hutton Brandon Carlo
Last Minutes Defensive
Center Left Wing Right Wing Defense Defense
Maxime Macenauer Sven Baertschi Logan Shaw Ben Hutton Brandon Carlo
Goaltenders
Starting : Calvin Pickard
Backup : Juuse Saros
Extra Forwards
Normal : Valeri Nichushkin, Jonny Brodzinski, Brett Seney - PP : Valeri Nichushkin, Jonny Brodzinski - PK : Brett Seney
Extra Defensemen
Normal : Robbie Russo, Christian Wolanin, Darren Dietz - PP : Robbie Russo - PK : Christian Wolanin, Darren Dietz
Penalty Shots
Logan Shaw, Maxime Macenauer, Sven Baertschi, Joonas Donskoi, Valeri Nichushkin
Scratches
Dalton Thrower (Strained Right Elbow Injury), Sam Bennett (Broken Bone (Left Foot) Injury)
Gangsters
5 vs 5 Forward
Center Left Wing Right Wing Time % Phy DF OF
1 Artem Anisimov Dave Dziurzynski Richard Panik 40 1 2 2
2 Seth Griffith Samuel Blais Stefan Noesen 30 1 2 2
3 Kevin Roy Phillip Danault Sebastian Collberg 20 1 2 2
4 Adam Lowry David Pope Connor Chatam 10 1 2 2
5 vs 5 Defense
Defense Defense Time % Phy DF OF
1 Brett Ponich Morgan Ellis 40 1 2 2
2 Jonas Brodin Derrick Pouliot 30 1 2 2
3 Vince Dunn Steven Santini 20 1 2 2
4 Brett Ponich Morgan Ellis 10 1 2 2
PowerPlay Forward
Center Left Wing Right Wing Time % Phy DF OF
1 Artem Anisimov Dave Dziurzynski Richard Panik 60 1 2 2
2 Seth Griffith Samuel Blais Stefan Noesen 40 1 2 2
PowerPlay Defense
Defense Defense Time % Phy DF OF
1 Brett Ponich Morgan Ellis 60 1 2 2
2 Jonas Brodin David Pope 40 1 2 2
Penalty Kill 4 Players Forward
Center Wing Time % Phy DF OF
1 Richard Panik Artem Anisimov 60 1 2 2
2 Stefan Noesen Dave Dziurzynski 40 1 2 2
Penalty Kill 4 Players Defense
Defense Defense Time % Phy DF OF
1 Brett Ponich Morgan Ellis 60 1 2 2
2 Jonas Brodin Derrick Pouliot 40 1 2 2
Penalty Kill - 3 Players Forward
Forward Time % Phy DF OF
1 Richard Panik 60 1 2 2
2 Artem Anisimov 40 1 2 2
Penalty Kill - 3 Players Defense
Defense Defense Time % Phy DF OF
1 Brett Ponich Morgan Ellis 60 1 2 2
2 Jonas Brodin Derrick Pouliot 40 1 2 2
4 vs 4 Forward
Center Wing Time % Phy DF OF
1 Richard Panik Artem Anisimov 60 1 2 2
2 Stefan Noesen Samuel Blais 40 1 2 2
4 vs 4 Defense
Defense Defense Time % Phy DF OF
1 Brett Ponich Morgan Ellis 60 1 2 2
2 Jonas Brodin Derrick Pouliot 40 1 2 2
Last Minutes Offensive
Center Left Wing Right Wing Defense Defense
Artem Anisimov Samuel Blais Richard Panik Brett Ponich Morgan Ellis
Last Minutes Defensive
Center Left Wing Right Wing Defense Defense
Artem Anisimov Dave Dziurzynski Richard Panik Brett Ponich Morgan Ellis
Goaltenders
Starting : Jordan Binnington
Backup : Samuel Montembeault
Extra Forwards
Normal : Phillip Danault, Sebastian Collberg, Kevin Roy - PP : Phillip Danault, Sebastian Collberg - PK : Kevin Roy
Extra Defensemen
Normal : Vince Dunn, Steven Santini, Jonas Brodin - PP : Vince Dunn - PK : Steven Santini, Jonas Brodin
Penalty Shots
Richard Panik, Artem Anisimov, Stefan Noesen, Dave Dziurzynski, Seth Griffith
Scratches
Mikhail Vorobyev (Healthy), Keegan Kolesar (Healthy), Jacob Middleton (Healthy)
% Time on Ice - Mulligans
Lines # - Real PCT - Wanted PCT - Time Play
Normal Forward
1 - 29% - 40% - 12:31
2 - 26% - 30% - 11:08
3 - 25% - 20% - 10:44
4 - 19% - 10% - 8:07
Normal Defense
1 - 34% - 40% - 14:37
2 - 31% - 30% - 13:05
3 - 31% - 20% - 13:07
4 - 4% - 10% - 1:41
PP Forward
1 - 51% - 60% - 4:52
2 - 49% - 40% - 4:42
PP Defense
1 - 52% - 60% - 4:57
2 - 48% - 40% - 4:37
PK Forward
1 - 72% - 60% - 5:43
2 - 28% - 40% - 2:13
PK Defense
1 - 63% - 60% - 4:58
2 - 37% - 40% - 2:58
PK3 Forward
1 - 0% - 60%
2 - 0% - 40%
PK3 Defense
1 - 0% - 60%
2 - 0% - 40%
44 Forward
1 - 85% - 60% - 1:36
2 - 15% - 40% - 0:17
44 Defense
1 - 55% - 60% - 1:02
2 - 45% - 40% - 0:51
Last Minute Offensive - 0:00
Last Minute Defensive - 0:00
Total
Forward - 61:53
Defense - 61:53
|
% Time on Ice - Gangsters
Lines # - Real PCT - Wanted PCT - Time Play
Normal Forward
1 - 33% - 40% - 14:14
2 - 28% - 30% - 11:55
3 - 21% - 20% - 8:53
4 - 18% - 10% - 7:28
Normal Defense
1 - 37% - 40% - 15:46
2 - 34% - 30% - 14:32
3 - 24% - 20% - 10:21
4 - 4% - 10% - 1:51
PP Forward
1 - 56% - 60% - 4:28
2 - 44% - 40% - 3:28
PP Defense
1 - 63% - 60% - 5:00
2 - 37% - 40% - 2:56
PK Forward
1 - 71% - 60% - 6:49
2 - 29% - 40% - 2:45
PK Defense
1 - 57% - 60% - 5:29
2 - 43% - 40% - 4:05
PK3 Forward
1 - 100% - 60% - 0:21
2 - 0% - 40% - 0:00
PK3 Defense
1 - 100% - 60% - 0:21
2 - 0% - 40% - 0:00
44 Forward
1 - 79% - 60% - 1:13
2 - 21% - 40% - 0:19
44 Defense
1 - 61% - 60% - 0:56
2 - 39% - 40% - 0:36
Last Minute Offensive - 0:00
Last Minute Defensive - 0:00
Total
Forward - 61:53
Defense - 61:53
|
Play-by-Play
1st period
0:01 of 1st period - Artem Anisimov wins face-off versus Maxime Macenauer in neutral zone.
0:08 of 1st period - Wrist shot by Artem Anisimov.
0:08 of 1st period - Stopped by Calvin Pickard with a rebound.
0:14 of 1st period - Snap shot by Sven Baertschi.
0:14 of 1st period - Shot Blocked by Richard Panik.
0:16 of 1st period - Slapshot by Brandon Carlo.
0:16 of 1st period - Stopped by Jordan Binnington with a rebound.
0:51 of 1st period - Off-side.
0:52 of 1st period - Adam Lowry wins face-off versus Alexander Dergachyov in neutral zone.
0:59 of 1st period - Backhand shot by David Pope.
0:59 of 1st period - Stopped by Calvin Pickard without a rebound.
1:00 of 1st period - Adam Lowry wins face-off versus Alexander Dergachyov in Mulligans zone.
1:13 of 1st period - Slapshot by Jonas Brodin.
1:13 of 1st period - Shot Misses the Net.
1:16 of 1st period - Icing by Cristiano Digiacinto.
1:17 of 1st period - Alexander Dergachyov wins face-off versus Artem Anisimov in Mulligans zone.
1:17 of 1st period - Alexander Dergachyov is hit by Dave Dziurzynski.
2:10 of 1st period - Off-side.
2:11 of 1st period - Jonny Brodzinski wins face-off versus Artem Anisimov in neutral zone.
3:04 of 1st period - Minor Penalty to Joonas Donskoi for Tripping.
3:05 of 1st period - Logan Shaw wins face-off versus Artem Anisimov in Mulligans zone.
3:15 of 1st period - Wrist shot by Richard Panik.
3:15 of 1st period - Stopped by Calvin Pickard without a rebound.
3:16 of 1st period - Logan Shaw wins face-off versus Artem Anisimov in Mulligans zone.
4:04 of 1st period - Artem Anisimov is hit by Ilya Lyubushkin and loses puck.
4:27 of 1st period - Backhand shot by Logan Shaw.
4:27 of 1st period - Stopped by Jordan Binnington with a rebound.
4:30 of 1st period - Icing by Artem Anisimov.
4:31 of 1st period - Sven Baertschi wins face-off versus Artem Anisimov in Gangsters zone.
4:46 of 1st period - Brett Ponich is hit by Maxime Macenauer and loses puck.
5:04 of 1st period - Penalty to Joonas Donskoi is over, Joonas Donskoi is back on ice.
6:32 of 1st period - Artem Anisimov is hit by Valeri Nichushkin and loses puck.
6:51 of 1st period - Snap shot by Richard Panik.
6:51 of 1st period - Shot Misses the Net.
7:01 of 1st period - Morgan Ellis is hit by Brandon Carlo and loses puck.
7:06 of 1st period - Slapshot by Darren Dietz.
7:06 of 1st period - Deflect By Conor Garland.
7:06 of 1st period - Stopped by Jordan Binnington with a rebound.
7:37 of 1st period - Snap shot by Valeri Nichushkin.
7:37 of 1st period - Shot Misses the Net.
7:39 of 1st period - Snap shot by Brett Seney.
7:39 of 1st period - Shot Misses the Net.
7:41 of 1st period - Wrist shot by Brett Seney.
7:41 of 1st period - Stopped by Jordan Binnington with a rebound.
7:50 of 1st period - Icing by Vince Dunn.
7:51 of 1st period - Phillip Danault wins face-off versus Robby Fabbri in Gangsters zone.
8:40 of 1st period - Snap shot by Jonny Brodzinski.
8:40 of 1st period - Deflect By Brett Seney.
8:40 of 1st period - Stopped by Jordan Binnington with a rebound.
8:42 of 1st period - Snap shot by Brett Seney.
8:42 of 1st period - Stopped by Jordan Binnington with a rebound.
8:44 of 1st period - Wrist shot by Brett Seney.
8:44 of 1st period - Shot Blocked by Artem Anisimov.
9:16 of 1st period - Brett Ponich is hit by Maxime Macenauer and loses puck.
11:04 of 1st period - Slapshot by Joonas Donskoi.
11:04 of 1st period - Stopped by Jordan Binnington with a rebound.
11:35 of 1st period - Snap shot by Samuel Blais.
11:35 of 1st period - Stopped by Calvin Pickard without a rebound.
11:36 of 1st period - Jonny Brodzinski wins face-off versus Seth Griffith in Mulligans zone.
11:47 of 1st period - Snap shot by Valeri Nichushkin.
11:47 of 1st period - Stopped by Jordan Binnington without a rebound.
11:48 of 1st period - Maxime Macenauer wins face-off versus Artem Anisimov in Gangsters zone.
11:49 of 1st period - Slapshot by Logan Shaw.
11:49 of 1st period - Shot Misses the Net.
12:18 of 1st period - Wrist shot by Stefan Noesen.
12:18 of 1st period - Shot Misses the Net.
12:20 of 1st period - Snap shot by Derrick Pouliot.
12:20 of 1st period - Stopped by Calvin Pickard with a rebound.
12:22 of 1st period - Backhand shot by Stefan Noesen.
12:22 of 1st period - Stopped by Calvin Pickard with a rebound.
12:36 of 1st period - Slapshot by Jonny Brodzinski.
12:36 of 1st period - Shot Blocked by Steven Santini.
12:38 of 1st period - Slapshot by Ben Hutton.
12:38 of 1st period - Deflect By Steven Santini.
12:38 of 1st period - Stopped by Jordan Binnington without a rebound.
12:39 of 1st period - Connor Chatam wins face-off versus Jonny Brodzinski in Gangsters zone.
12:46 of 1st period - Wrist shot by David Pope.
12:46 of 1st period - Stopped by Calvin Pickard with a rebound.
13:00 of 1st period - Snap shot by Connor Chatam.
13:00 of 1st period - Stopped by Calvin Pickard with a rebound.
13:30 of 1st period - Snap shot by Brett Seney.
13:30 of 1st period - Shot Blocked by Vince Dunn.
13:32 of 1st period - Slapshot by Brandon Carlo.
13:32 of 1st period - Stopped by Jordan Binnington without a rebound.
13:33 of 1st period - Maxime Macenauer wins face-off versus Artem Anisimov in Gangsters zone.
13:34 of 1st period - Wrist shot by Logan Shaw.
13:34 of 1st period - Stopped by Jordan Binnington with a rebound.
13:36 of 1st period - Wrist shot by Logan Shaw.
13:36 of 1st period - Stopped by Jordan Binnington with a rebound.
13:44 of 1st period - Snap shot by Sven Baertschi.
13:44 of 1st period - Shot Misses the Net.
13:46 of 1st period - Backhand shot by Logan Shaw.
13:46 of 1st period - Stopped by Jordan Binnington without a rebound.
13:47 of 1st period - Artem Anisimov wins face-off versus Maxime Macenauer in Gangsters zone.
13:47 of 1st period - Artem Anisimov is hit by Logan Shaw.
13:55 of 1st period - Wrist shot by Dave Dziurzynski.
13:55 of 1st period - Stopped by Calvin Pickard without a rebound.
13:56 of 1st period - Dave Dziurzynski wins face-off versus Maxime Macenauer in Mulligans zone.
14:15 of 1st period - Backhand shot by Richard Panik.
14:15 of 1st period - Stopped by Calvin Pickard without a rebound.
14:16 of 1st period - Samuel Blais wins face-off versus Robby Fabbri in Mulligans zone.
14:43 of 1st period - Richard Panik is hit by Ben Hutton and loses puck.
14:54 of 1st period - Logan Shaw is hit by Dave Dziurzynski and loses puck.
15:12 of 1st period - Slapshot by Logan Shaw.
15:12 of 1st period - Deflect By Sven Baertschi.
15:12 of 1st period - Shot Blocked by Connor Chatam.
15:12 of 1st period - Puck is out of play.
15:13 of 1st period - Artem Anisimov wins face-off versus Robby Fabbri in Gangsters zone.
15:23 of 1st period - Minor Penalty to Reid Boucher for High sticking.
15:24 of 1st period - Logan Shaw wins face-off versus Artem Anisimov in Mulligans zone.
15:36 of 1st period - Brandon Carlo is hit by Dave Dziurzynski.
17:23 of 1st period - Penalty to Reid Boucher is over, Reid Boucher is back on ice.
17:38 of 1st period - Slapshot by Joonas Donskoi.
17:38 of 1st period - Shot Blocked by Morgan Ellis.
17:40 of 1st period - Slapshot by Robbie Russo.
17:40 of 1st period - Stopped by Jordan Binnington with a rebound.
18:28 of 1st period - Wrist shot by Conor Garland.
18:28 of 1st period - Stopped by Jordan Binnington without a rebound.
18:29 of 1st period - Adam Lowry wins face-off versus Cristiano Digiacinto in Gangsters zone.
18:48 of 1st period - Slapshot by Artem Anisimov.
18:48 of 1st period - Shot Misses the Net.
18:50 of 1st period - Wrist shot by Dave Dziurzynski.
18:50 of 1st period - Stopped by Calvin Pickard without a rebound.
18:51 of 1st period - Artem Anisimov wins face-off versus Maxime Macenauer in Mulligans zone.
19:13 of 1st period - Minor Penalty to Logan Shaw for High sticking.
19:14 of 1st period - Brett Seney wins face-off versus Artem Anisimov in Mulligans zone.
19:14 of 1st period - Brett Seney is hit by Dave Dziurzynski.
19:53 of 1st period - Off-side.
19:54 of 1st period - Artem Anisimov wins face-off versus Sven Baertschi in neutral zone.
Goals for this period are 0 for Mulligans vs 0 for Gangsters.
Shots for this period are 15 for Mulligans vs 11 for Gangsters.
2nd period
0:01 of 2nd period - Artem Anisimov wins face-off versus Maxime Macenauer in neutral zone.
0:26 of 2nd period - Maxime Macenauer is hit by Samuel Blais and loses puck.
1:13 of 2nd period - Penalty to Logan Shaw is over, Logan Shaw is back on ice.
1:41 of 2nd period - Brandon Carlo is hit by Vince Dunn and loses puck.
1:54 of 2nd period - Wrist shot by Robby Fabbri.
1:54 of 2nd period - Stopped by Jordan Binnington with a rebound.
1:56 of 2nd period - Wrist shot by Brandon Carlo.
1:56 of 2nd period - Stopped by Jordan Binnington with a rebound.
1:58 of 2nd period - Snap shot by Joonas Donskoi.
1:58 of 2nd period - Goal by Joonas Donskoi - Mulligans : 1 - Gangsters : 0.
1:59 of 2nd period - Artem Anisimov wins face-off versus Robby Fabbri in neutral zone.
2:24 of 2nd period - Cristiano Digiacinto is hit by Brett Ponich and loses puck.
2:47 of 2nd period - Kevin Roy is hit by Maxime Macenauer and loses puck.
3:06 of 2nd period - Wrist shot by Richard Panik.
3:06 of 2nd period - Shot Blocked by Ben Hutton.
3:08 of 2nd period - Snap shot by Richard Panik.
3:08 of 2nd period - Stopped by Calvin Pickard without a rebound.
3:09 of 2nd period - Artem Anisimov wins face-off versus Jonny Brodzinski in Mulligans zone.
3:10 of 2nd period - Slapshot by Richard Panik.
3:10 of 2nd period - Deflect By Valeri Nichushkin.
3:10 of 2nd period - Shot Misses the Net.
3:10 of 2nd period - Puck is out of play.
3:11 of 2nd period - Artem Anisimov wins face-off versus Maxime Macenauer in Mulligans zone.
3:18 of 2nd period - Slapshot by Ben Hutton.
3:18 of 2nd period - Shot Blocked by Richard Panik.
3:44 of 2nd period - Minor Penalty to Morgan Ellis for Tripping.
3:45 of 2nd period - Richard Panik wins face-off versus Maxime Macenauer in Gangsters zone.
4:21 of 2nd period - Reid Boucher is hit by Steven Santini and loses puck.
5:09 of 2nd period - Ilya Lyubushkin is hit by Kevin Roy.
5:44 of 2nd period - Penalty to Morgan Ellis is over, Morgan Ellis is back on ice.
6:54 of 2nd period - Snap shot by David Pope.
6:54 of 2nd period - Stopped by Calvin Pickard without a rebound.
6:55 of 2nd period - Jonny Brodzinski wins face-off versus Adam Lowry in Mulligans zone.
7:14 of 2nd period - Sven Baertschi is hit by Dave Dziurzynski and loses puck.
8:51 of 2nd period - Wrist shot by Valeri Nichushkin.
8:51 of 2nd period - Shot Misses the Net.
9:07 of 2nd period - Vince Dunn is hit by Maxime Macenauer and loses puck.
9:13 of 2nd period - Minor Penalty to Connor Chatam for Tripping.
9:14 of 2nd period - Maxime Macenauer wins face-off versus Richard Panik in Gangsters zone.
9:44 of 2nd period - Artem Anisimov is hit by Ilya Lyubushkin and loses puck.
10:01 of 2nd period - Wrist shot by Dave Dziurzynski.
10:01 of 2nd period - Stopped by Calvin Pickard without a rebound.
10:02 of 2nd period - Stefan Noesen wins face-off versus Maxime Macenauer in Mulligans zone.
10:52 of 2nd period - Stefan Noesen is hit by Darren Dietz and loses puck.
11:13 of 2nd period - Penalty to Connor Chatam is over, Connor Chatam is back on ice.
11:31 of 2nd period - Snap shot by Dave Dziurzynski.
11:31 of 2nd period - Goal by Dave Dziurzynski - Mulligans : 1 - Gangsters : 1.
11:32 of 2nd period - Kevin Roy wins face-off versus Sven Baertschi in neutral zone.
12:00 of 2nd period - Minor Penalty to Jonny Brodzinski for Tripping.
12:01 of 2nd period - Artem Anisimov wins face-off versus Logan Shaw in Mulligans zone.
12:01 of 2nd period - Snap shot by Richard Panik.
12:01 of 2nd period - Stopped by Calvin Pickard with a rebound.
12:03 of 2nd period - Snap shot by Artem Anisimov.
12:03 of 2nd period - Stopped by Calvin Pickard with a rebound.
12:05 of 2nd period - Wrist shot by Richard Panik.
12:05 of 2nd period - Shot Misses the Net.
12:07 of 2nd period - Slapshot by Morgan Ellis.
12:07 of 2nd period - Stopped by Calvin Pickard without a rebound.
12:08 of 2nd period - Logan Shaw wins face-off versus Artem Anisimov in Mulligans zone.
12:35 of 2nd period - Snap shot by Stefan Noesen.
12:35 of 2nd period - Shot Blocked by Brandon Carlo.
12:37 of 2nd period - Slapshot by Morgan Ellis.
12:37 of 2nd period - Shot Misses the Net.
12:39 of 2nd period - Slapshot by Brett Ponich.
12:39 of 2nd period - Stopped by Calvin Pickard with a rebound.
12:41 of 2nd period - Snap shot by Samuel Blais.
12:41 of 2nd period - Shot Blocked by Ben Hutton.
12:43 of 2nd period - Wrist shot by Brett Ponich.
12:43 of 2nd period - Deflect By Seth Griffith.
12:43 of 2nd period - Shot Blocked by Ben Hutton.
12:43 of 2nd period - Puck is out of play.
12:44 of 2nd period - Artem Anisimov wins face-off versus Sven Baertschi in Mulligans zone.
13:17 of 2nd period - Wrist shot by Seth Griffith.
13:17 of 2nd period - Stopped by Calvin Pickard with a rebound.
14:00 of 2nd period - Penalty to Jonny Brodzinski is over, Jonny Brodzinski is back on ice.
14:31 of 2nd period - Alexander Dergachyov is hit by Adam Lowry and loses puck.
15:32 of 2nd period - Snap shot by Stefan Noesen.
15:32 of 2nd period - Shot Blocked by Conor Garland.
17:10 of 2nd period - Minor Penalty to Steven Santini for Hooking.
17:11 of 2nd period - Logan Shaw wins face-off versus Richard Panik in Gangsters zone.
19:10 of 2nd period - Penalty to Steven Santini is over, Steven Santini is back on ice.
19:22 of 2nd period - Snap shot by Cristiano Digiacinto.
19:22 of 2nd period - Shot Blocked by Steven Santini.
19:24 of 2nd period - Slapshot by Robbie Russo.
19:24 of 2nd period - Shot Blocked by Morgan Ellis.
19:26 of 2nd period - Slapshot by Robbie Russo.
19:26 of 2nd period - Stopped by Jordan Binnington with a rebound.
19:28 of 2nd period - Snap shot by Cristiano Digiacinto.
19:28 of 2nd period - Stopped by Jordan Binnington with a rebound.
19:30 of 2nd period - Backhand shot by Conor Garland.
19:30 of 2nd period - Stopped by Jordan Binnington with a rebound.
19:48 of 2nd period - Wrist shot by Brett Seney.
19:48 of 2nd period - Shot Misses the Net.
Goals for this period are 1 for Mulligans vs 1 for Gangsters.
Shots for this period are 6 for Mulligans vs 9 for Gangsters.
3rd period
0:01 of 3rd period - Artem Anisimov wins face-off versus Sven Baertschi in neutral zone.
0:30 of 3rd period - Snap shot by Seth Griffith.
0:30 of 3rd period - Shot Blocked by Robby Fabbri.
0:32 of 3rd period - Snap shot by Stefan Noesen.
0:32 of 3rd period - Stopped by Calvin Pickard without a rebound.
0:33 of 3rd period - Robby Fabbri wins face-off versus Samuel Blais in Mulligans zone.
0:44 of 3rd period - Snap shot by Joonas Donskoi.
0:44 of 3rd period - Stopped by Jordan Binnington without a rebound.
0:45 of 3rd period - Artem Anisimov wins face-off versus Maxime Macenauer in Gangsters zone.
2:07 of 3rd period - Brandon Carlo is hit by Richard Panik.
2:11 of 3rd period - Ben Hutton is hit by Jonas Brodin.
2:22 of 3rd period - Icing by Artem Anisimov.
2:23 of 3rd period - Artem Anisimov wins face-off versus Maxime Macenauer in Gangsters zone.
2:23 of 3rd period - Artem Anisimov is hit by Sven Baertschi.
2:31 of 3rd period - Wrist shot by Dave Dziurzynski.
2:31 of 3rd period - Stopped by Calvin Pickard without a rebound.
2:32 of 3rd period - Logan Shaw wins face-off versus Seth Griffith in Mulligans zone.
2:40 of 3rd period - Slapshot by Seth Griffith.
2:40 of 3rd period - Shot Misses the Net.
2:42 of 3rd period - Snap shot by Samuel Blais.
2:42 of 3rd period - Shot Blocked by Robbie Russo.
2:44 of 3rd period - Snap shot by Samuel Blais.
2:44 of 3rd period - Stopped by Calvin Pickard without a rebound.
2:45 of 3rd period - Maxime Macenauer wins face-off versus Seth Griffith in Mulligans zone.
3:10 of 3rd period - Dave Dziurzynski is hit by Reid Boucher and loses puck.
3:40 of 3rd period - Slapshot by Darren Dietz.
3:40 of 3rd period - Deflect By Brett Seney.
3:40 of 3rd period - Deflect By Brett Ponich.
3:40 of 3rd period - Shot Misses the Net.
3:40 of 3rd period - Puck is out of play.
3:41 of 3rd period - Maxime Macenauer wins face-off versus Artem Anisimov in Gangsters zone.
3:42 of 3rd period - Wrist shot by Sven Baertschi.
3:42 of 3rd period - Stopped by Jordan Binnington with a rebound.
3:52 of 3rd period - Wrist shot by Artem Anisimov.
3:52 of 3rd period - Shot Blocked by Darren Dietz.
4:28 of 3rd period - Snap shot by Brett Seney.
4:28 of 3rd period - Stopped by Jordan Binnington with a rebound.
5:13 of 3rd period - Wrist shot by David Pope.
5:13 of 3rd period - Stopped by Calvin Pickard without a rebound.
5:14 of 3rd period - Artem Anisimov wins face-off versus Maxime Macenauer in Mulligans zone.
5:49 of 3rd period - Joonas Donskoi is hit by Kevin Roy and loses puck.
6:28 of 3rd period - Snap shot by Richard Panik.
6:28 of 3rd period - Stopped by Calvin Pickard with a rebound.
6:40 of 3rd period - Jonny Brodzinski is hit by Dave Dziurzynski and loses puck.
6:55 of 3rd period - Wrist shot by Valeri Nichushkin.
6:55 of 3rd period - Shot Blocked by Morgan Ellis.
6:57 of 3rd period - Wrist shot by Brett Seney.
6:57 of 3rd period - Shot Misses the Net.
6:59 of 3rd period - Slapshot by Valeri Nichushkin.
6:59 of 3rd period - Shot Blocked by Brett Ponich.
7:28 of 3rd period - Snap shot by Richard Panik.
7:28 of 3rd period - Shot Blocked by Robbie Russo.
8:04 of 3rd period - Wrist shot by Brett Seney.
8:04 of 3rd period - Shot Blocked by Brett Ponich.
8:06 of 3rd period - Snap shot by Brett Seney.
8:06 of 3rd period - Deflect By Brett Ponich.
8:06 of 3rd period - Shot Misses the Net.
8:06 of 3rd period - Puck is out of play.
8:07 of 3rd period - Maxime Macenauer wins face-off versus Seth Griffith in Gangsters zone.
8:32 of 3rd period - Brandon Carlo is hit by Kevin Roy and loses puck.
9:12 of 3rd period - Derrick Pouliot is hit by Darren Dietz and loses puck.
9:22 of 3rd period - Off-side.
9:23 of 3rd period - Logan Shaw wins face-off versus Seth Griffith in neutral zone.
9:28 of 3rd period - Slapshot by Brandon Carlo.
9:28 of 3rd period - Stopped by Jordan Binnington without a rebound.
9:29 of 3rd period - Maxime Macenauer wins face-off versus Seth Griffith in Gangsters zone.
9:30 of 3rd period - Slapshot by Sven Baertschi.
9:30 of 3rd period - Stopped by Jordan Binnington without a rebound.
9:31 of 3rd period - Maxime Macenauer wins face-off versus Samuel Blais in Gangsters zone.
10:02 of 3rd period - Wrist shot by Joonas Donskoi.
10:02 of 3rd period - Deflect By Phillip Danault.
10:02 of 3rd period - Shot Misses the Net.
10:02 of 3rd period - Puck is out of play.
10:03 of 3rd period - Maxime Macenauer wins face-off versus Artem Anisimov in Gangsters zone.
10:18 of 3rd period - Richard Panik is hit by Darren Dietz and loses puck.
10:29 of 3rd period - Robby Fabbri is hit by Seth Griffith.
10:32 of 3rd period - Off-side.
10:33 of 3rd period - Seth Griffith wins face-off versus Robby Fabbri in neutral zone.
11:21 of 3rd period - Seth Griffith is hit by Darren Dietz.
11:28 of 3rd period - Off-side.
11:29 of 3rd period - Logan Shaw wins face-off versus Dave Dziurzynski in neutral zone.
11:34 of 3rd period - Wrist shot by Sven Baertschi.
11:34 of 3rd period - Shot Misses the Net.
11:36 of 3rd period - Slapshot by Robbie Russo.
11:36 of 3rd period - Deflect By Dave Dziurzynski.
11:36 of 3rd period - Stopped by Jordan Binnington with a rebound.
11:38 of 3rd period - Snap shot by Sven Baertschi.
11:38 of 3rd period - Stopped by Jordan Binnington with a rebound.
11:40 of 3rd period - Wrist shot by Sven Baertschi.
11:40 of 3rd period - Stopped by Jordan Binnington with a rebound.
11:42 of 3rd period - Slapshot by Robbie Russo.
11:42 of 3rd period - Shot Blocked by Morgan Ellis.
11:44 of 3rd period - Snap shot by Logan Shaw.
11:44 of 3rd period - Stopped by Jordan Binnington without a rebound.
11:45 of 3rd period - Kevin Roy wins face-off versus Maxime Macenauer in Gangsters zone.
11:54 of 3rd period - Wrist shot by Brett Ponich.
11:54 of 3rd period - Stopped by Calvin Pickard with a rebound.
12:10 of 3rd period - Dave Dziurzynski is hit by Cristiano Digiacinto.
12:18 of 3rd period - Slapshot by Richard Panik.
12:18 of 3rd period - Stopped by Calvin Pickard without a rebound.
12:19 of 3rd period - Maxime Macenauer wins face-off versus Artem Anisimov in Mulligans zone.
12:25 of 3rd period - Minor Penalty to Steven Santini for Roughing.
12:26 of 3rd period - Sven Baertschi wins face-off versus Richard Panik in Gangsters zone.
13:01 of 3rd period - Wrist shot by Joonas Donskoi.
13:01 of 3rd period - Stopped by Jordan Binnington with a rebound.
13:59 of 3rd period - Brett Ponich is hit by Sven Baertschi and loses puck.
14:25 of 3rd period - Penalty to Steven Santini is over, Steven Santini is back on ice.
14:40 of 3rd period - Vince Dunn is hit by Conor Garland and loses puck.
14:57 of 3rd period - Brett Seney is hit by Connor Chatam and loses puck.
15:58 of 3rd period - Backhand shot by Kevin Roy.
15:58 of 3rd period - Shot Blocked by Cristiano Digiacinto.
16:14 of 3rd period - Darren Dietz is hit by Dave Dziurzynski and loses puck.
16:23 of 3rd period - Artem Anisimov is hit by Robby Fabbri and loses puck.
16:46 of 3rd period - Connor Chatam is hit by Brett Seney and loses puck.
17:15 of 3rd period - Icing by Robbie Russo.
17:16 of 3rd period - Alexander Dergachyov wins face-off versus Seth Griffith in Mulligans zone.
17:27 of 3rd period - Slapshot by Robbie Russo.
17:27 of 3rd period - Stopped by Jordan Binnington with a rebound.
17:35 of 3rd period - Wrist shot by Phillip Danault.
17:35 of 3rd period - Stopped by Calvin Pickard with a rebound.
17:37 of 3rd period - Snap shot by Kevin Roy.
17:37 of 3rd period - Stopped by Calvin Pickard without a rebound.
17:38 of 3rd period - Jonny Brodzinski wins face-off versus Artem Anisimov in Mulligans zone.
17:53 of 3rd period - Snap shot by Artem Anisimov.
17:53 of 3rd period - Stopped by Calvin Pickard with a rebound.
18:03 of 3rd period - Brett Seney is hit by Samuel Blais and loses puck.
18:21 of 3rd period - Minor Penalty to Morgan Ellis for Hooking.
18:22 of 3rd period - Richard Panik wins face-off versus Maxime Macenauer in Gangsters zone.
19:50 of 3rd period - Slapshot by Brett Ponich.
19:50 of 3rd period - Shot Blocked by Darren Dietz.
19:52 of 3rd period - Wrist shot by Kevin Roy.
19:52 of 3rd period - Shot Blocked by Ilya Lyubushkin.
19:54 of 3rd period - Snap shot by Kevin Roy.
19:54 of 3rd period - Shot Misses the Net.
Goals for this period are 0 for Mulligans vs 0 for Gangsters.
Shots for this period are 11 for Mulligans vs 10 for Gangsters.
Overtime #1
0:01 of 1st overtime period - Logan Shaw wins face-off versus Richard Panik in neutral zone.
0:04 of 1st overtime period - Slapshot by Ben Hutton.
0:04 of 1st overtime period - Stopped by Jordan Binnington without a rebound.
0:05 of 1st overtime period - Logan Shaw wins face-off versus Richard Panik in Gangsters zone.
0:13 of 1st overtime period - Snap shot by Steven Santini.
0:13 of 1st overtime period - Stopped by Calvin Pickard with a rebound.
0:19 of 1st overtime period - Wrist shot by Brandon Carlo.
0:19 of 1st overtime period - Deflect By Maxime Macenauer.
0:19 of 1st overtime period - Shot Misses the Net.
0:19 of 1st overtime period - Puck is out of play.
0:20 of 1st overtime period - Richard Panik wins face-off versus Logan Shaw in Gangsters zone.
0:21 of 1st overtime period - Penalty to Morgan Ellis is over, Morgan Ellis is back on ice.
0:27 of 1st overtime period - Slapshot by Richard Panik.
0:27 of 1st overtime period - Deflect By Ben Hutton.
0:27 of 1st overtime period - Shot Blocked by Logan Shaw.
0:27 of 1st overtime period - Puck is out of play.
0:28 of 1st overtime period - Logan Shaw wins face-off versus Richard Panik in Mulligans zone.
0:41 of 1st overtime period - Wrist shot by Richard Panik.
0:41 of 1st overtime period - Shot Misses the Net.
0:43 of 1st overtime period - Snap shot by Morgan Ellis.
0:43 of 1st overtime period - Shot Blocked by Ben Hutton.
0:45 of 1st overtime period - Wrist shot by Richard Panik.
0:45 of 1st overtime period - Stopped by Calvin Pickard with a rebound.
1:05 of 1st overtime period - Maxime Macenauer is hit by Artem Anisimov and loses puck.
1:18 of 1st overtime period - Slapshot by Jonas Brodin.
1:18 of 1st overtime period - Shot Blocked by Darren Dietz.
1:20 of 1st overtime period - Wrist shot by Jonas Brodin.
1:20 of 1st overtime period - Stopped by Calvin Pickard with a rebound.
1:43 of 1st overtime period - Wrist shot by Darren Dietz.
1:43 of 1st overtime period - Shot Misses the Net.
1:45 of 1st overtime period - Slapshot by Ilya Lyubushkin.
1:45 of 1st overtime period - Stopped by Jordan Binnington without a rebound.
1:46 of 1st overtime period - Valeri Nichushkin wins face-off versus Phillip Danault in Gangsters zone.
1:51 of 1st overtime period - Slapshot by Ben Hutton.
1:51 of 1st overtime period - Stopped by Jordan Binnington with a rebound.
1:53 of 1st overtime period - Wrist shot by Jonny Brodzinski.
1:53 of 1st overtime period - Goal by Jonny Brodzinski - Mulligans : 2 - Gangsters : 1.
Goals for this period are 1 for Mulligans vs 0 for Gangsters.
Shots for this period are 4 for Mulligans vs 3 for Gangsters.